 Dungeon Crawl Stone Soup version 0.27.0-1-g7a089689b8 (webtiles) character file.

Game seed: 17469825925936820481

238 Smaepdii the Slasher (level 5, -1/47 HPs)
             Began as a Minotaur Fighter on Aug 2, 2021.
             Slain by an ogre (27 damage)
             ... on level 4 of the Dungeon.
             The game lasted 00:16:00 (4211 turns).

Smaepdii the Slasher (Minotaur Fighter)             Turns: 4211, Time: 00:16:00

Health: -1/47      AC:  9    Str: 21    XL:     5   Next: 78%
Magic:  4/4        EV:  7    Int:  5    God:
Gold:   2          SH:  9    Dex: 10    Spells: 4/4 levels left

rFire    . . .     SeeInvis .   a - +0 long sword
rCold    . . .     Faith    .   c - +0 kite shield
rNeg     . . .     Spirit   .   b - +0 scale mail
rPois    .         Reflect  .   (helmet restricted)
rElec    .         Harm     .   (no cloak)
rCorr    .         Rampage  +   (no gloves)
Will     .....                  h - +1 pair of boots {rampage}
Stlth    ..........             (no amulet)
HPRegen  0.15/turn              (no ring)
MPRegen  0.09/turn              (no ring)

@: no status effects
A: horns 2, retaliatory headbutt
a: no special abilities


You were on level 4 of the Dungeon.
You visited 1 branch of the dungeon, and saw 5 of its levels.

You collected 167 gold pieces.
You spent 165 gold pieces at shops.

Inventory:

Hand Weapons
 a - a +0 long sword (weapon)
 n - a +4 quarterstaff of chaos
Armour
 b - a +0 scale mail (worn)
 c - a +0 kite shield (worn)
 h - a +1 pair of boots of rampaging (worn)
Jewellery
 g - an amulet of reflection
Scrolls
 f - a scroll of amnesia
 k - a scroll of fog
 m - a scroll of magic mapping
Potions
 d - a potion of might
 e - a potion of ambrosia {unknown}
 i - a potion of brilliance {unknown}
 l - a potion of flight {unknown}
 o - 3 potions of haste
 p - 2 potions of curing {unknown}


   Skills:
 + Level 4.8 Fighting
 * Level 5.0 Long Blades
 + Level 4.7 Armour
 + Level 4.8 Shields


You had 4 spell levels left.
You didn't know any spells.
Your spell library contained the following spells:

 Spells                   Type           Power      Damage    Failure   Level
 Summon Small Mammal      Summ           0%         N/A       99%         1
 Call Canine Familiar     Summ           0%         N/A       100%        3
 Gell's Gravitas          Tloc           0%         N/A       100%        3
 Summon Guardian Golem    Hex/Summ       0%         N/A       100%        3
 Teleport Other           Tloc           0%         N/A       100%        3
 Dispersal                Tloc           0%         N/A       100%        6


Dungeon Overview and Level Annotations

Branches:
Dungeon (5/15)
 Temple: D:4-7

Altars:
Nemelex Xobeh
Sif Muna

Shops:
D:2 (   D:4 (:[


Innate Abilities, Weirdness & Mutations

You have a pair of horns on your head.
You reflexively headbutt those who attack you in melee.


Message History

Press: ? - help, Dir - move target
As you read the scroll of blinking, it crumbles to dust.
You block the jackal's attack.
There is an open door here.
You closely miss the jackal. You headbutt the jackal.
The jackal is severely wounded.
The jackal bites you but does no damage.
The jackal barely misses you.
You hit the jackal.
You kill the jackal!
You see here a +0 club.
An orc comes into view.
It is wielding a +2 flail of protection.
There is a stone staircase leading down here.
The orc shouts!
You climb downwards.
There is a stone staircase leading up here.
You start resting.
HP restored.
You climb upwards.
The ogre hits you with a +0 giant spiked club!
The orc hits you with a +2 flail of protection.
There is a stone staircase leading down, spattered with blood here.
You hit the orc.
The orc is lightly wounded.
The ogre closely misses you. You block the orc's attack.
The orc barely misses you.
You hit the orc. You headbutt the orc.
You kill the orc!
The ogre barely misses you.
Your Long Blades skill increases to level 5!
You barely miss the ogre.
The ogre hits you with a +0 giant spiked club.
You barely miss the ogre. You headbutt the ogre!
The ogre is moderately wounded.
You block the ogre's attack.
You slash the ogre!
The ogre is severely wounded.
The ogre hits you with a +0 giant spiked club!!
Ouch! That really hurt!
You die...

#...#######....O........##......#
#.............#######†####.....##
#....########## #.......#.....##
.....# #.).....#..∩...# .....#
#.......#......# h.#+##
#..O....#......#
###∩*###*##########....###...####
***###..##.##.##.##....# ########
,,,......#......@......# #..
,,,......'.....).O.....# #..
,,,......#...∩.........# #..
,,,......#.............# #..
,,,.....,#.............# #..
***'####*#....###......# #.#
,**,,,####...)#################.#
,,,,,,#......[..?................
∩,,,,,#......))..................


You could see an ogre.

Vanquished Creatures
  A hound (D:4)
  Crazy Yiuf (D:2)
  An orc wizard (D:4)
  A howler monkey skeleton (D:4)
  6 adders
  2 dart slugs
  10 orcs
  3 bats
  8 endoplasms
  3 giant cockroaches
  8 goblins
  2 hobgoblins
  4 jackals
  6 quokkas
  6 ball pythons
  3 frilled lizards
  6 kobolds
  6 rats
77 creatures vanquished.

Notes
Turn   | Place    | Note
-------+----------+-------------------------------------------
     0 | D:1      | Smaepdii the Minotaur Fighter began the quest for the Orb.
     0 | D:1      | Reached XP level 1. HP: 19/19 MP: 0/0
   134 | D:1      | Reached XP level 2. HP: 23/27 MP: 1/1
   294 | D:1      | Found a faded altar of an unknown god.
   334 | D:1      | Reached skill level 3 in Long Blades
   776 | D:2      | Reached XP level 3. HP: 33/33 MP: 2/2
  1251 | D:2      | Found a runed translucent door.
  1252 | D:2      | Noticed Crazy Yiuf
  1257 | D:2      | Killed Crazy Yiuf
  1258 | D:2      | Reached XP level 4. HP: 25/40 MP: 0/3
  1444 | D:2      | Found Nujoeb's Antique Weapon Shoppe.
  2173 | D:3      | Reached skill level 4 in Long Blades
  3307 | D:4      | Reached XP level 5. HP: 15/47 MP: 4/4
  3522 | D:4      | Found Gucsez's Book Shop.
  3524 | D:4      | Found Ciseh's Weapon Emporium.
  3725 | D:4      | Found Xirchoh's Armour Emporium.
  3741 | D:4      | Bought a +1 pair of boots of rampaging for 165 gold pieces
  3773 | D:4      | Found a large runed translucent door.
  3774 | D:4      | Found a large runed translucent door.
  3817 | D:4      | Found a sparkling altar of Nemelex Xobeh.
  3830 | D:4      | Found a shimmering blue altar of Sif Muna.
  3960 | D:4      | Noticed an ogre
  3994 | D:5      | Entered Level 5 of the Dungeon
  4209 | D:4      | Reached skill level 5 in Long Blades
  4211 | D:4      | Slain by an ogre

Illustrated notes

Levels and vault maps discovered:
D:1:      grunt_arrival_lava_bath, layout_loops_ring,
          hellmonk_ecumenical_altar_crossroads
D:2:      layout_loops_ring, serial_shops, shop, uniq_crazy_yiuf_cottage
D:3:      layout_basic, serial_park_tiny_1, minmay_misc_feat_columns,
          chequers_serial_rivers_large_a, hangedman_abyss_or_decor_stabs,
          columned_hall_lemuel
D:4:      layout_gridville, jmf_multi_god_temple2, serial_shops, shop, shop,
          kennysheep_mini, shop, shop, uniq_natasha
D:5:      layout_layer_cave, minmay_temple_entry_purple_smoke

Skill      XL: |  1  2  3  4  5 |
---------------+----------------+-----
Long Blades    | 3 4 5 |  5.0
Armour         | 4 |  4.7
Shields        | 4 |  4.8
Fighting       | 4 |  4.8

Action                   |  1- 3 |  4- 6 || total
-------------------------+-------+-------++-------
Melee: Long sword        |    71 |   113 ||   184
       Headbutt          |     6 |    18 ||    24
  Use: Scroll            |       |     9 ||     9
Armor: Scale mail        |    28 |    53 ||    81
Dodge: Dodged            |    18 |    37 ||    55
Block: Kite shield       |    31 |    62 ||    93
       Rpst.: Long sword |     5 |     6 ||    11
